 Dungeon Crawl Stone Soup version 0.28.0-45-g0d030f2227 (webtiles) character file.

Game seed: 8302017728453744260

532 MisterFreud the Covert (level 7, -4/60 HPs)
             Began as a Gnoll Delver on May 15, 2022.
             Slain by a black bear (8 damage)
             ... on level 6 of the Dungeon.
             The game lasted 00:01:42 (547 turns).

MisterFreud the Covert (Gnoll Delver)                Turns: 547, Time: 00:01:43

Health: -4/60      AC:  3    Str: 12    XL:     7   Next: 24%
Magic:  10/10      EV: 13    Int: 11    God:
Gold:   51         SH:  0    Dex: 13    Spells: 10/10 levels left

rFire   . . .      SeeInvis .   a - +0 short sword (drain)
rCold   . . .      Faith    .   (no shield)
rNeg    . . .      Spirit   .   b - +0 leather armour
rPois   .          Reflect  .   (no helmet)
rElec   .          Harm     .   (no cloak)
rCorr   .          Rampage  .   (no gloves)
Will    .....                   (no boots)
Stlth   ++++......              (no amulet)
HPRegen 0.20/turn               (no ring)
MPRegen 0.12/turn               (no ring)

@: hasted, very quick
A: fangs 1, strong nose, distributed training
a: no special abilities


You were on level 6 of the Dungeon.
You visited 1 branch of the dungeon, and saw 2 of its levels.

You collected 51 gold pieces.

Inventory:

Hand Weapons
 a - a +0 short sword of draining (weapon)
Armour
 b - a +0 leather armour (worn)
Wands
 g - a wand of digging (3)
Scrolls
 c - a scroll of fog
 d - a scroll of magic mapping


   Skills:
 + Level 7.0 Fighting
 + Level 5.2 Short Blades
 + Level 2.3 Long Blades
 + Level 2.3 Axes
 + Level 2.3 Maces & Flails
 + Level 2.3 Polearms
 + Level 2.3 Staves
 + Level 2.3 Slings
 + Level 2.3 Bows
 + Level 2.3 Crossbows
 + Level 2.3 Throwing
 + Level 2.3 Armour
 + Level 5.2 Dodging
 + Level 9.9 Stealth
 + Level 2.3 Shields
 + Level 2.3 Unarmed Combat
 + Level 2.3 Spellcasting
 + Level 1.9 Conjurations
 + Level 1.9 Hexes
 + Level 1.9 Summonings
 + Level 1.9 Necromancy
 + Level 1.9 Translocations
 + Level 1.9 Transmutations
 + Level 1.9 Fire Magic
 + Level 1.9 Ice Magic
 + Level 1.9 Air Magic
 + Level 1.9 Earth Magic
 + Level 1.9 Poison Magic
 + Level 2.6 Invocations
 + Level 2.3 Evocations


You had 10 spell levels left.
You didn't know any spells.
Your spell library was empty.

Dungeon Overview and Level Annotations

Branches:
Dungeon (6/15)
 Temple: D:4-7

Altars:

Shops:
D:6 [


Innate Abilities, Weirdness & Mutations

You have very sharp teeth.
Your uncanny sense of smell can sniff out nearby items.
Your experience applies equally to all skills.


Message History

a - a +0 short sword of draining (weapon)
The gnoll hits you with a +0 club.
* * * LOW HITPOINT WARNING * * *
The black bear barely misses you. The black bear claws you.
* * * LOW HITPOINT WARNING * * *
The black bear claws you but does no damage.
Okay, then.
Unknown command.
Unknown command.
Okay, then.
Unknown command.
You feel yourself speed up. The gnoll barely misses you.
The black bear closely misses you. x2; The black bear misses you.
Unknown command.
You hit the gnoll. You bite the gnoll, but do no damage.
The gnoll is heavily wounded.
The gnoll closely misses you.
Unknown command.
You hit the gnoll.
The gnoll is almost dead.
The black bear barely misses you.
The black bear claws you but does no damage.
The black bear claws you.
* * * LOW HITPOINT WARNING * * *
You hit the gnoll but do no damage.
The gnoll is almost dead.
The gnoll barely misses you. The black bear bites you.
* * * LOW HITPOINT WARNING * * *
The black bear claws you but does no damage.
The black bear misses you.
Unknown command.
You closely miss the gnoll.
The gnoll is almost dead.
The gnoll hits you with a +0 club.
* * * LOW HITPOINT WARNING * * *
Unknown command.
You hit the gnoll but do no damage. You drain the gnoll.
You kill the gnoll!
The black bear bites you!
You die...

.∩#.#.#.# ## .##.
.##.#.#g#####.# #. ...##
# #.#.......# #. ..#.##
#.# # #g..##### #. .....
.. #.#.# #. ...#
##########g#.# #. .. #
......[gg.g#.# #. #..###
#######)####.#### #.
...... #@#(......# #.
#.#### #h#.##.##.# #.
#.# #....#.##.# #. #.#
########..#.##.# #> #.#
###
#.........#.##.#######.
#.###.##
##.#######.#.##.........
.......#
#............###########
#.###.## #..#######.###
#.###.####..# #.#


You could see a black bear and 2 gnolls.

Vanquished Creatures
  A troll (D:6)
  A water moccasin (D:6)
  A sky beast (D:6)
  A bullfrog (D:6)
  A centaur skeleton (D:6)
  A gnoll shaman (D:6)
  A gnoll (D:6)
7 creatures vanquished.

Notes
Turn   | Place    | Note
-------+----------+-------------------------------------------
     0 | D:5      | Reached skill level 9 in Stealth
     0 | D:5      | MisterFreud the Gnoll Delver began the quest for the Orb.
     0 | D:5      | Reached XP level 1. HP: 23/23 MP: 1/1
   126 | D:5      | Noticed an iguana
   203 | D:6      | Reached XP level 2. HP: 17/29 MP: 2/2
   203 | D:6      | Reached XP level 3. HP: 21/35 MP: 3/3
   328 | D:6      | Noticed a bullfrog
   332 | D:6      | Killed a bullfrog
   333 | D:6      | Reached skill level 1 in Long Blades
   333 | D:6      | Reached skill level 1 in Axes
   333 | D:6      | Reached skill level 1 in Maces & Flails
   333 | D:6      | Reached skill level 1 in Polearms
   333 | D:6      | Reached skill level 1 in Staves
   333 | D:6      | Reached skill level 1 in Slings
   333 | D:6      | Reached skill level 1 in Bows
   333 | D:6      | Reached skill level 1 in Crossbows
   333 | D:6      | Reached skill level 1 in Throwing
   333 | D:6      | Reached skill level 1 in Armour
   333 | D:6      | Reached skill level 1 in Shields
   333 | D:6      | Reached skill level 1 in Unarmed Combat
   333 | D:6      | Reached skill level 1 in Spellcasting
   333 | D:6      | Reached skill level 1 in Conjurations
   333 | D:6      | Reached skill level 1 in Hexes
   333 | D:6      | Reached skill level 1 in Summonings
   333 | D:6      | Reached skill level 1 in Necromancy
   333 | D:6      | Reached skill level 1 in Translocations
   333 | D:6      | Reached skill level 1 in Transmutations
   333 | D:6      | Reached skill level 1 in Fire Magic
   333 | D:6      | Reached skill level 1 in Ice Magic
   333 | D:6      | Reached skill level 1 in Air Magic
   333 | D:6      | Reached skill level 1 in Earth Magic
   333 | D:6      | Reached skill level 1 in Poison Magic
   333 | D:6      | Reached skill level 1 in Invocations
   333 | D:6      | Reached skill level 1 in Evocations
   333 | D:6      | Reached XP level 4. HP: 41/41 MP: 3/5
   401 | D:6      | Noticed a water moccasin
   401 | D:6      | Noticed a sky beast
   404 | D:6      | Killed a water moccasin
   405 | D:6      | Reached XP level 5. HP: 47/47 MP: 5/7
   407 | D:6      | Killed a sky beast
   408 | D:6      | Reached skill level 5 in Short Blades
   408 | D:6      | Reached skill level 5 in Dodging
   408 | D:6      | Reached XP level 6. HP: 53/53 MP: 5/8
   490 | D:6      | Found Muisuad's Antique Armour Boutique.
   495 | D:6      | Noticed a black bear
   508 | D:6      | Noticed a troll
   513 | D:6      | Killed a troll
   514 | D:6      | Reached XP level 7. HP: 59/60 MP: 8/10
   547 | D:6      | Slain by a black bear

Illustrated notes

Levels and vault maps discovered:
D:5:      layout_loops_cross, mainiacjoe_overflow_catwalk,
          uniq_crazy_yiuf_cottage
D:6:      layout_loops_ring, lemuel_coloured_pillars_altar,
          nicolae_overflow_hidden_temple, serial_shops,
          nicolae_inconvenience_store

Skill      XL: |  1  2  3  4  5  6 |
---------------+-------------------+-----
Stealth        | |  9.9
Long Blades    | 1 2 |  2.3
Axes           | 1 2 |  2.3
Maces & Flails | 1 2 |  2.3
Polearms       | 1 2 |  2.3
Staves         | 1 2 |  2.3
Slings         | 1 2 |  2.3
Bows           | 1 2 |  2.3
Crossbows      | 1 2 |  2.3
Throwing       | 1 2 |  2.3
Armour         | 1 2 |  2.3
Shields        | 1 2 |  2.3
Unarmed Combat | 1 2 |  2.3
Spellcasting   | 1 2 |  2.3
Conjurations   | 1 |  1.9
Hexes          | 1 |  1.9
Summonings     | 1 |  1.9
Necromancy     | 1 |  1.9
Translocations | 1 |  1.9
Transmutations | 1 |  1.9
Fire Magic     | 1 |  1.9
Ice Magic      | 1 |  1.9
Air Magic      | 1 |  1.9
Earth Magic    | 1 |  1.9
Poison Magic   | 1 |  1.9
Invocations    | 1 2 |  2.6
Evocations     | 1 2 |  2.3
Short Blades   | 5 |  5.2
Dodging        | 5 |  5.2
Fighting       | 7 |  7.0

Action                   |  1- 3 |  4- 6 |  7- 9 || total
-------------------------+-------+-------+-------++-------
Melee: Short sword       |    15 |     4 |    27 ||    46
       Bite              |     2 |     1 |     7 ||    10
       Punch             |       |       |     1 ||     1
  Use: Scroll            |     1 |       |     1 ||     2
       Potion            |     1 |       |     1 ||     2
 Stab: Sleeping          |     1 |     3 |       ||     4
Armor: Leather armour    |     2 |       |     3 ||     5
Dodge: Dodged            |    17 |     3 |    21 ||    41
